 Dungeon Crawl Stone Soup version 0.31-a0-365-gcf821ca (webtiles) character file.

Game seed: 2769331305229220670

63 Dorkslayer the Ruffian (level 4, -7/28 HPs)
             Began as an Octopode Shapeshifter on July 27, 2023.
             Mangled by a gnoll
             ... wielding a +0 flail
              (8 damage)
             ... on level 3 of the Dungeon.
             The game lasted 00:01:49 (572 turns).

Dorkslayer the Ruffian (Octopode Shapeshifter)       Turns: 572, Time: 00:01:49

Health: -7/28      AC:  1    Str: 16    XL:     4   Next: 9%
Magic:  4/4        EV: 13    Int: 10    God:
Gold:   61         SH:  0    Dex: 12    Spells: 3/3 levels left

rFire   . .          .
                       - Unarmed
rCold   . . .        (no shield)
rNeg    . . .        (helmet currently unavailable)
rPois   .            (no amulet)
rElec   .            (no ring)
rCorr   .            (no ring)
SInv    .            (no ring)
Will    .....        (no ring)
Stlth   +++          (no ring)
HPRegen 0.24/turn    (no ring)
MPRegen 0.09/turn    (no ring)
                     (no ring)

%: no passive effects
@: lethally poisoned (-7 -> -8), beast-form
A: beast (slay +2), almost no armour, amphibious, 8 rings, camouflage 1,
gelatinous body 1, (nimble swimmer 1), tentacles
a: Begin Untransformation


You were on level 3 of the Dungeon.
You were a hulking beast.
You visited 1 branch of the dungeon, and saw 3 of its levels.

You collected 61 gold pieces.

Inventory:

Talismans
 b - a beast talisman
Potions
 c - 2 potions of brilliance


   Skills:
 + Level 1.0 Fighting
 + Level 2.2 Dodging
 + Level 1.7 Stealth
 + Level 3.8 Unarmed Combat
 + Level 3.5 Shapeshifting


You had 3 spell levels left.
You didn't know any spells.
Your spell library contained the following spells:

 Spells                   Type           Power      Damage    Failure   Level
 Kiss of Death            Conj/Necr      0%         2d5       36%         1
 Sandblast                Erth           0%         2d4       36%         1
 Passwall                 Tmut/Erth      0%         N/A       50%         2
 Confusing Touch          Hex            0%         N/A       75%         3
 Stone Arrow              Conj/Erth      0%         3d7       75%         3
 Dispel Undead            Necr           0%         3d6       98%         4


Dungeon Overview and Level Annotations

Branches:
Dungeon (3/15)

Altars:


Innate Abilities, Weirdness & Mutations

You are a hulking beast.
Your limbs bulge with bestial killing power. (Slay +2)
You cannot wear most types of armour.
You are amphibious.
You can wear up to eight rings at the same time.
Your skin changes colour to match your surroundings (Stealth+).
Your rubbery body absorbs attacks. (AC +1, EV +1)
((You are camouflaged when in or above water. (Stealth+)))
You have tentacles for arms and can constrict up to eight enemies at once.


Message History

You feel less wooden.
You turn into a hulking beast.
The adder barely misses you.
Blink to where?
Press: ? - help, Dir - move target
Found 4 poisoned darts.
As you read the scroll labelled EFOX METANO, it crumbles to dust.
It was a scroll of blinking.
The dart slug briefly extends its eye-stalks.
You climb downwards.
Found a robe.
There is a stone staircase leading up here.
You start resting.
You feel a little less clever now.
You start resting.
HP restored.
You climb upwards.
The adder bites you.
You are poisoned.
The adder poisons you! The adder bites you.
There is a stone staircase leading down here.
You feel sick. The adder bites you but does no damage.
The gnoll hits you with a +0 flail.
You climb downwards.
You feel sick.
There is a stone staircase leading up here.
You miss the adder. You grab the adder. You tentacle-slap the adder.
The adder is heavily wounded.
You constrict the adder.
You feel sick. The adder closely misses you.
The gnoll hits you with a +0 flail!
* * * LOW HITPOINT WARNING * * *
You tentacle-slap the adder.
You kill the adder!
* * * LOW HITPOINT WARNING * * *
You feel sick.
You have reached level 4!
Okay, then.
You tentacle-slap the gnoll. You grab the gnoll.
The gnoll is heavily wounded.
You constrict the gnoll.
* * * LOW HITPOINT WARNING * * *
You feel sick. The gnoll hits you with a +0 flail!
You die...

########.
#.g......
#h# #[#
... ...##
.....
......
...#.##
...##.


You could see a gnoll.

Vanquished Creatures
  2 gnolls (D:2)
  2 adders
  A worm (D:2)
  A dart slug (D:1)
  2 endoplasms (D:1)
  2 giant cockroaches (D:1)
  2 goblins
  2 hobgoblins
  2 ball pythons (D:1)
  A bat (D:1)
  4 frilled lizards
  2 kobolds (D:1)
23 creatures vanquished.

Notes
Turn   | Place    | Note
-------+----------+-------------------------------------------
     0 | D:1      | Dorkslayer the Octopode Shapeshifter began the quest for
                  | the Orb.
     0 | D:1      | Reached XP level 1. HP: 13/13 MP: 1/1
   126 | D:1      | Reached XP level 2. HP: 13/18 MP: 2/2
   468 | D:2      | Reached skill level 1 in Stealth
   468 | D:2      | Reached XP level 3. HP: 12/23 MP: 3/3
   571 | D:3      | HP: 1/23 [poisoned by an adder]
   572 | D:3      | Reached XP level 4. HP: 2/28 MP: 4/4
   572 | D:3      | Mangled by a gnoll

Illustrated notes

Levels and vault maps discovered:
D:1:      nzn_arrival_settlement, layout_rooms
D:2:      layout_rooms, basic_altar, st_stairs_2
D:3:      layout_loops_corners, nicolae_ecumenical_snake_handling

Skill      XL: |  1  2 |
---------------+-------+-----
Stealth        | 1 |  1.7
Fighting       | |  1.0
Dodging        | |  2.2
Unarmed Combat | |  3.8
Shapeshifting  | |  3.5

Action                     |  1- 3 |  4- 6 || total
---------------------------+-------+-------++-------
  Melee: Unarmed           |    50 |     1 ||    51
         Constrict         |     7 |     1 ||     8
         Tentacles         |     2 |       ||     2
         Punch             |     2 |       ||     2
    Use: Potion            |     3 |       ||     3
         Scroll            |     1 |       ||     1
   Stab: Sleeping          |     5 |       ||     5
 Armour: Skin              |    20 |       ||    20
  Dodge: Dodged            |    17 |       ||    17

Table legend: (Time is in decaauts)
 A = Elapsed time spent in this place.
 B = Non-inter-level travel time spent in this place.
 C = Inter-level travel time spent in this place.
 D = Time resting spent in this place.
 E = Time spent auto-exploring this place.
 F = Levels seen in this place.
 G = Mean time per level.
                   A        B        C        D        E       F      G
               +--------+--------+--------+--------+--------+-----+--------+
         Total |    570 |    570 |      0 |     58 |    222 |   3 |  190.0 |
       Dungeon |    570 |    570 |      0 |     58 |    222 |   3 |  190.0 |
               +--------+--------+--------+--------+--------+-----+--------+

Top non-repeatable levels by time:
     D:1: 452 daAuts
     D:3: 63 daAuts
     D:2: 54 daAuts
